 Seeded DCSS version 0.28-a0-779-g3d1f99b579 (webtiles) character file.

Game seed: 20211103 (custom seed)

7 a11behringer the Charlatan (level 1, 0/16 HPs)
             Began as a Draconian Artificer on Nov 3, 2021.
             Slain by a dart slug (2 damage)
             ... on level 1 of the Dungeon.
             The game lasted 00:01:46 (267 turns).

a11behringer the Charlatan (Draconian Artificer)     Turns: 267, Time: 00:01:47

Health: 0/16       AC:  4    Str: 14    XL:     1   Next: 83%
Magic:  1/1        EV: 12    Int: 11    God:
Gold:   16         SH:  0    Dex: 11    Spells: 0/0 levels left

rFire   . . .      SeeInvis .   f - +0 whip
rCold   . . .      Faith    .   (no shield)
rNeg    . . .      Spirit   .   (armour unavailable)
rPois   .          Reflect  .   (helmet restricted)
rElec   .          Harm     .   (no cloak)
rCorr   .          Rampage  .   (no gloves)
Will    .....                   (no boots)
Stlth   +.........              (no amulet)
HPRegen 0.05/turn               (no ring)
MPRegen 0.07/turn               (no ring)

@: no status effects
A: AC +4, unfitting armour, cold-blooded
a: no special abilities


You were on level 1 of the Dungeon.
You visited 1 branch of the dungeon, and saw 1 of its levels.

You collected 16 gold pieces.

Inventory:

Hand Weapons
 a - a +0 club
 f - a +0 whip (weapon)
Missiles
 e - 6 boomerangs
Wands
 b - a wand of flame (13) (quivered)
 c - a wand of charming (15)
Scrolls
 h - a scroll of enchant armour {unknown}
Potions
 g - a potion of might {unknown}
Miscellaneous
 d - a piece from Xom's chessboard (15/15)


   Skills:
 + Level 1.1 Fighting
 * Level 0.6 Maces & Flails
 + Level 2.2 Dodging
 + Level 0.8 Stealth
 + Level 3.2 Evocations


You couldn't memorise any spells.
You didn't know any spells.
Your spell library was empty.

Dungeon Overview and Level Annotations

Branches:
Dungeon (1/15)

Altars:


Innate Abilities, Weirdness & Mutations

Your plain brown scales are hard. (AC +4)
You cannot fit into any form of body armour.
You are cold-blooded and may be slowed by cold attacks.


Message History

A bat comes into view.
The bat moves out of view.
A kobold comes into view. It is wielding a +0 short sword.
The kobold shouts!
You hit the hobgoblin. You tail-slap the hobgoblin.
The hobgoblin is moderately wounded.
An endoplasm comes into view.
The hobgoblin completely misses you.
A dart slug comes into view.
You closely miss the hobgoblin.
The hobgoblin is lightly wounded.
The hobgoblin closely misses you.
You closely miss the hobgoblin.
Your tail-slap misses the hobgoblin.
The hobgoblin is lightly wounded.
The hobgoblin hits you but does no damage.
You closely miss the hobgoblin.
Your tail-slap misses the hobgoblin.
The hobgoblin is lightly wounded.
The kobold hits you with a +0 short sword.
The hobgoblin closely misses you.
You hit the hobgoblin but do no damage.
Your tail-slap misses the hobgoblin.
The hobgoblin is lightly wounded.
The kobold hits you but does no damage. The hobgoblin barely misses you.
The endoplasm freezes you.
You are frozen.
You closely miss the hobgoblin. You tail-slap the hobgoblin.
The hobgoblin is heavily wounded.
The kobold barely misses you.
The hobgoblin hits you but does no damage.
The endoplasm freezes you.
You are frozen.
The kobold closely misses you.
You completely miss the hobgoblin. You tail-slap the hobgoblin.
You kill the hobgoblin!
The dart slug launches a dart at you. The slug dart hits you.
The endoplasm closely misses you. The kobold barely misses you.
Found a fizzy clear potion.
The endoplasm closely misses you.
The kobold hits you with a +0 short sword.
* * * LOW HITPOINT WARNING * * *
The dart slug bites you.
You die...

### #######.##
.........# .......##
.......# . ## #.....#
... .# #.....# #....
##########.....###......
...............J@w....#
....)....[.....K......!.
.#########.###..........
.# #.# #.#......##
###### #.# ..#.##.###
....⌠# #.#+#.#.# ...
..≈≈≈### #.. ..... ##.
.#####.# #.. ..#..
.#...#.###..


You could see a dart slug, an endoplasm and a kobold.

Vanquished Creatures
  An endoplasm (D:1)
  2 hobgoblins (D:1)
  A ball python (D:1)
  2 kobolds (D:1)
  A rat (D:1)
7 creatures vanquished.

Notes
Turn   | Place    | Note
-------+----------+-------------------------------------------
     0 | D:1      | a11behringer the Draconian Artificer began the quest for
                  | the Orb.
     0 | D:1      | Reached XP level 1. HP: 16/16 MP: 1/1
   267 | D:1      | Slain by a dart slug

Illustrated notes

Levels and vault maps discovered:
D:1:      sevenhm_arrival_forest_fort_small_3, layout_basic,
          minmay_rat_gold_closets

Action                   || total
-------------------------++-------
Melee: Whip              ||    15
       Club              ||     5
       Tailslap          ||     4
Evoke: Wand              ||     2
Armor: Skin              ||     5
Dodge: Dodged            ||    16

Table legend: (Time is in decaauts)
 A = Elapsed time spent in this place.
 B = Non-inter-level travel time spent in this place.
 C = Inter-level travel time spent in this place.
 D = Time resting spent in this place.
 E = Time spent auto-exploring this place.
 F = Levels seen in this place.
 G = Mean time per level.
                   A        B        C        D        E       F      G
               +--------+--------+--------+--------+--------+-----+--------+
         Total |    269 |    244 |     25 |      0 |    190 |   1 |  269.0 |
       Dungeon |    269 |    244 |     25 |      0 |    190 |   1 |  269.0 |
               +--------+--------+--------+--------+--------+-----+--------+

Top non-repeatable levels by time:
     D:1: 269 daAuts
